 Dungeon Crawl Stone Soup version 0.26-a0-597-gb535b0901c (webtiles) character file.

Game seed: 5676384689232419365

16 ANON1729 the Cutter (level 2, -2/23 HPs)
             Began as a Barachi Wanderer on Aug 27, 2020.
             Slain by a kobold
             ... wielding a +0 short sword
              (3 damage)
             ... on level 1 of the Dungeon.
             The game lasted 00:00:39 (701 turns).

ANON1729 the Cutter (Barachi Wanderer)               Turns: 701, Time: 00:00:39

Health: -2/23      AC:  2    Str: 11    XL:     2   Next: 58%
Magic:  2/2        EV:  9    Int: 13    God:
Gold:   29         SH:  7    Dex: 12    Spells: 1/1 levels left

rFire    . . .     SeeInvis .   a - +0 short sword
rCold    . . .     Faith    .   c - +0 kite shield
rNeg     . . .     Spirit   .   d - +0 robe
rPois    .         Reflect  .   (no helmet)
rElec    .         Harm     .   (no cloak)
rCorr    .                      (no gloves)
MR       .....                  (no boots)
Stlth    +.........             (no amulet)
HPRegen  0.07/turn              (no ring)
MPRegen  0.08/turn              (no ring)

@: slow
A: +LOS, swims, slowness 1, strong legs 1
a: Hop


You were on level 1 of the Dungeon.
You visited 1 branch of the dungeon, and saw 1 of its levels.

You collected 29 gold pieces.

Inventory:

Hand Weapons
 a - a +0 short sword (weapon)
Armour
 c - a +0 kite shield (worn)
 d - a +0 robe (worn)
Scrolls
 e - 2 scrolls of identify {unknown}
 g - 2 scrolls of fear {unknown}
 h - a scroll of teleportation {unknown}
 j - a scroll of amnesia {unknown}
 k - a scroll of immolation {unknown}
 l - a scroll of noise {unknown}
 m - a scroll of enchant weapon {unknown}
Potions
 b - a potion of lignification
 f - a potion of curing {unknown}
 i - a potion of heal wounds {unknown}


   Skills:
 + Level 2.6 Fighting
 + Level 4.5 Short Blades
 + Level 1.3 Throwing
 + Level 1.4 Dodging
 + Level 1.3 Shields
 + Level 1.5 Unarmed Combat


You had one spell level left.
You didn't know any spells.
Your spell library was empty.

Dungeon Overview and Level Annotations

Branches:
Dungeon (1/15)

Altars:


Innate Abilities, Weirdness & Mutations

You can be seen from farther away. (+LOS)
You can swim through water.
You cover ground slowly.
You can hop short distances.


Message History

The goblin is moderately wounded.
The goblin hits you with a +0 club.
* * * LOW HITPOINT WARNING * * *
The goblin hits you with a +0 club.
* * * LOW HITPOINT WARNING * * *
You hit the goblin.
The goblin is severely wounded.
The goblin hits you but does no damage. You block the goblin's attack.
You hit the goblin.
You kill the goblin!
The goblin closely misses you. The dart slug launches a dart at you.
You block the slug dart. You block the kobold's attack.
You block the goblin's attack.
You see here a +0 club.
You block the kobold's attack. The goblin completely misses you.
The kobold hits you with a +0 short sword.
* * * LOW HITPOINT WARNING * * *
The kobold hits you with a +0 short sword.
You die...

..#
#.....#..#.####.#
..#
#.....##.#......#
..#
#.....##...######
..# #.....##...(..#
# ###
#.....##...##.###.#
#........#(#......#
#.........r......##
#.....g#wK.......
#......K@....###.#
#......#.....# #
#............#
#..........?....
#......#..>.###..
#......#...## .
#......#.#.. #.....
..#..# ##### .....#


You could see a dart slug, a goblin, 2 kobolds and a rat.

Vanquished Creatures
  4 goblins (D:1)
  2 hobgoblins (D:1)
  2 kobolds (D:1)
  4 bats (D:1)
  3 frilled lizards (D:1)
  A rat (D:1)
16 creatures vanquished.

Notes
Turn   | Place    | Note
-------+----------+-------------------------------------------
     0 | D:1      | ANON1729 the Barachi Wanderer began the quest for the Orb.
     0 | D:1      | ANON1729 set off with the following items: a +0 short
                  | sword, a potion of lignification, a +0 kite shield, a +0
                  | robe
     0 | D:1      | Reached XP level 1. HP: 17/17 MP: 1/1
   526 | D:1      | Reached XP level 2. HP: 23/23 MP: 2/2
   700 | D:1      | HP: 1/23 [kobold/+0 short sword (3)]
   701 | D:1      | Slain by a kobold

Illustrated notes

Levels and vault maps discovered:
D:1:      tarquinn_simple_flora_water_a, layout_basic

Action                   || total
-------------------------++-------
Melee: Short sword       ||    69
Armor: Robe              ||    27
Dodge: Dodged            ||    34
Block: Kite shield       ||    29

Table legend: (Time is in decaauts)
 A = Elapsed time spent in this place.
 B = Non-inter-level travel time spent in this place.
 C = Inter-level travel time spent in this place.
 D = Time resting spent in this place.
 E = Time spent auto-exploring this place.
 F = Levels seen in this place.
 G = Mean time per level.
                   A        B        C        D        E       F      G
               +--------+--------+--------+--------+--------+-----+--------+
         Total |    789 |    789 |      0 |    159 |    487 |   1 |  789.0 |
       Dungeon |    789 |    789 |      0 |    159 |    487 |   1 |  789.0 |
               +--------+--------+--------+--------+--------+-----+--------+

Top non-repeatable levels by time:
     D:1: 789 daAuts
